Match 41107936
Unlisted

Match 41107936
End
Royal Engineer Section
Construct Section Command Post
Selects Australian Defense Battlegroup
Selects Australian Light Infantry Section
Australian Light Infantry Section
Australian Light Infantry Section
Australian Light Infantry Section
Selects 2-pounder Anti-tank Gun Team
Construct Field Infirmary
Construct Section Command Post
2-pounder Anti-tank Gun Team
Construct Section Command Post
Construct Platoon Command Post
Selects CMP 15cwt Supply Run
CMP 15cwt Supply Run
2-pounder Anti-tank Gun Team
Infantry Training
Selects Reinforced Resource Caches
Team Weapon Training
Construct Company Command Post
CMP 15cwt Supply Run
CMP 15cwt Truck
Selects Archer Tank Destroyer
Archer Tank Destroyer
Selects Vehicle Over Repair
Royal Engineer Section
Archer Tank Destroyer
Australian Light Infantry Section
Archer Tank Destroyer
Australian Light Infantry Section
Archer Tank Destroyer
Armored Vehicle Training
Royal Engineer Section
STALKER4732
SoyaLors
ezh
Filthy_Westerner
CosmoBluePlanet
JIN_47
Juniorko
Shorinji
0
0

Comments sign in to comment!

No comments posted yet!